 Dungeon Crawl Stone Soup version 0.30-a0-241-g1121274140 (webtiles) character file.

Game seed: 12773637511069747767

51 KennySheep the Trooper (level 3, -5/40 HPs)
             Began as an Ogre Fighter on Oct 11, 2022.
             Slain by a gnoll bouda
             ... wielding a +0 club
              (8 damage)
             ... on level 2 of the Dungeon.
             The game lasted 00:04:25 (1197 turns).

KennySheep the Trooper (Ogre Fighter)               Turns: 1197, Time: 00:04:26

Health: -5/40      AC:  3    Str: 22    XL:     3   Next: 83%
Magic:  3/3        EV:  8    Int:  9    God:
Gold:   92         SH:  7    Dex:  8    Spells: 2/2 levels left

rFire   . . .      SeeInvis +    i - +0 morningstar
rCold   . . .      Faith    .    c - +0 kite shield
rNeg    . . .      Spirit   .    b - +0 robe
rPois   +          Reflect  .    (helmet restricted)
rElec   .          Harm     .    (no cloak)
rCorr   .          Rampage  .    (gloves unavailable)
Will    .....                    (boots unavailable)
Stlth   +.........               (no amulet)
HPRegen 0.26/turn                g - ring of see invisible
MPRegen 0.08/turn                o - ring of poison resistance

@: mighty, weakened, very slow
A: large, unfitting armour, tough skin 1
a: no special abilities


You were on level 2 of the Dungeon.
You visited 1 branch of the dungeon, and saw 2 of its levels.

You collected 92 gold pieces.

Inventory:

Hand Weapons
 a - a +0 flail
 i - a +0 morningstar (weapon)
Missiles
 j - 15 stones (quivered)
 l - a throwing net
Armour
 b - a +0 robe (worn)
 c - a +0 kite shield (worn)
Jewellery
 g - a ring of see invisible (left hand)
 o - a ring of poison resistance (right hand)
Scrolls
 e - a scroll of teleportation
 f - a scroll of amnesia
 h - a scroll of poison {unknown}
 n - a scroll of fear {unknown}
 q - a scroll of summoning {unknown}
Potions
 k - a potion of attraction {unknown}
 m - 2 potions of curing {unknown}
 p - a potion of heal wounds {unknown}


   Skills:
 + Level 4.6 Fighting
 + Level 2.3 Maces & Flails
 * Level 2.2 Throwing
 - Level 2.6 Dodging
 - Level 3.0 Shields


You had 2 spell levels left.
You didn't know any spells.
Your spell library was empty.

Dungeon Overview and Level Annotations

Branches:
Dungeon (2/15)

Altars:


Innate Abilities, Weirdness & Mutations

You are too large for most types of armour.
You have tough skin. (AC +1)


Message History

You enter the shallow water.
Moving in this stuff is going to be slow.
The gnoll hits you from afar with a +0 spear.
The gnoll barely misses you.
You enter the shallow water.
Moving in this stuff is going to be slow.
The gnoll hits you with a +0 spear!
The gnoll barely misses you. x2; The gnoll hits you with a +0 flail!
You sock the gnoll!
You kill the gnoll!
The gnoll is no longer moving quickly.
You block the gnoll's attack. The gnoll misses you.
You enter the shallow water.
Moving in this stuff is going to be slow.
A gnoll comes into view. It is wielding a +0 club.
The gnoll hits you with a +0 halberd!
* * * LOW HITPOINT WARNING * * *
You closely miss the gnoll.
The gnoll hits you from afar with a +0 spear.
* * * LOW HITPOINT WARNING * * *
The gnoll barely misses you. You block the gnoll's attack.
Sorry, you're not good enough to have a special ability.
Unknown command.
You feel very mighty all of a sudden.
The gnoll bouda barks out a call to the hunt!
The gnolls pick up the pace!
The gnoll splashes around in the water.
The gnoll hits you from afar with a +0 spear.
* * * LOW HITPOINT WARNING * * *
You sock the gnoll bouda!
The gnoll bouda is severely wounded.
The gnoll bouda gazes fiercely through you!
You feel your attacks grow feeble.
The gnoll bouda hits you with a +0 club.
* * * LOW HITPOINT WARNING * * *
The gnoll splashes around in the water.
The gnoll hits you from afar with a +0 spear.
* * * LOW HITPOINT WARNING * * *
The gnoll bouda hits you with a +0 club!
You die...

##≈≈≈~~..## #≈≈≈~~≈≈..# #######
≈≈≈≈≈~≈~..#### ....g.. ...
≈≈≈≈~.≈~....# ....... ....
######.≈~~....##.......
....#####....~~~†~.....#.g.....
..............~≈~~.....#.......
..............≈g~~.............
..............@≈~~~........w...
....#.........)ggwg..#......##.
...........#..~.~~...#......#
.............~~.~~~.......>...
...............~~~...........#.
####...........~~~)............
#............~~~~...........##
#......)....~~~.~#######.....
.......†#.....~≈~≈≈ #?


You could see a gnoll bouda, a worm and 3 gnolls.

Vanquished Creatures
  A gnoll (D:2)
  An adder (D:2)
  A dart slug (D:1)
  2 ball pythons (D:1)
  5 giant cockroaches (D:1)
  4 goblins
  3 hobgoblins (D:1)
  4 quokkas
  2 bats
  A frilled lizard (D:1)
  A kobold (D:1)
  4 rats (D:1)
29 creatures vanquished.

Notes
Turn   | Place    | Note
-------+----------+-------------------------------------------
     0 | D:1      | KennySheep the Ogre Fighter began the quest for the Orb.
     0 | D:1      | Reached XP level 1. HP: 24/24 MP: 1/1
   129 | D:1      | Reached skill level 1 in Throwing
   129 | D:1      | Reached XP level 2. HP: 24/32 MP: 2/2
   758 | D:1      | Reached XP level 3. HP: 40/40 MP: 3/3
  1197 | D:2      | Slain by a gnoll bouda

Illustrated notes

Levels and vault maps discovered:
D:1:      saegor_arrival_under_anarchy, layout_loops_corners
D:2:      layout_basic, serial_shops, nicolae_diamond_shop, nicolae_shop_trees,
          shop, chequers_serial_rivers_large_a

Skill      XL: |  1  2  3 |
---------------+----------+-----
Maces & Flails | 2 |  2.3
Throwing       | 1 2 |  2.2
Fighting       | |  4.6
Dodging        | |  2.6
Shields        | |  3.0

Action                   || total
-------------------------++-------
Melee: Flail             ||    39
       Morningstar       ||    57
Throw: Stone             ||     1
  Use: Scroll            ||     2
       Potion            ||     1
Armor: Robe              ||    25
Dodge: Dodged            ||    36
Block: Kite shield       ||    34

Table legend: (Time is in decaauts)
 A = Elapsed time spent in this place.
 B = Non-inter-level travel time spent in this place.
 C = Inter-level travel time spent in this place.
 D = Time resting spent in this place.
 E = Time spent auto-exploring this place.
 F = Levels seen in this place.
 G = Mean time per level.
                   A        B        C        D        E       F      G
               +--------+--------+--------+--------+--------+-----+--------+
         Total |   1247 |   1169 |     78 |     88 |    823 |   2 |  623.5 |
       Dungeon |   1247 |   1169 |     78 |     88 |    823 |   2 |  623.5 |
               +--------+--------+--------+--------+--------+-----+--------+

Top non-repeatable levels by time:
     D:1: 1125 daAuts
     D:2: 121 daAuts
